 Dungeon Crawl Stone Soup version 0.27.0-1-g7a089689b8 (webtiles) character file.

Game seed: 9617167288506694869

18 Demosthentine the Poker (level 2, 0/23 HPs)
             Began as a Merfolk Gladiator on Aug 2, 2021.
             Succumbed to a goblin's poison
             ... on level 1 of the Dungeon.
             The game lasted 00:00:34 (582 turns).

Demosthentine the Poker (Merfolk Gladiator)          Turns: 582, Time: 00:00:35

Health: 0/23       AC:  4    Str: 14    XL:     2   Next: 66%
Magic:  2/2        EV: 13    Int:  7    God:
Gold:   25         SH:  0    Dex: 15    Spells: 1/1 levels left

rFire    . . .     SeeInvis .   a - +0 trident
rCold    . . .     Faith    .   (no shield)
rNeg     . . .     Spirit   .   b - +0 leather armour
rPois    .         Reflect  .   c - +0 helmet
rElec    .         Harm     .   (no cloak)
rCorr    .         Rampage  .   (no gloves)
Will     .....                  (no boots)
Stlth    +.........             (no amulet)
HPRegen  0.07/turn              (no ring)
MPRegen  0.08/turn              (no ring)

@: lethally poisoned (0 -> -2)
A: (nimble swimmer 2), mertail
a: no special abilities


You were on level 1 of the Dungeon.
You visited 1 branch of the dungeon, and saw 1 of its levels.

You collected 25 gold pieces.

Inventory:

Hand Weapons
 a - a +0 trident (weapon)
Missiles
 d - 3 throwing nets (quivered)
Armour
 b - a +0 leather armour (worn)
 c - a +0 helmet (worn)
Scrolls
 e - a scroll of torment {unknown}
 f - 2 scrolls of teleportation {unknown}


   Skills:
 + Level 2.5 Fighting
 + Level 4.7 Polearms
 - Level 2.0 Throwing
 + Level 0.6 Armour
 + Level 4.3 Dodging


You had one spell level left.
You didn't know any spells.
Your spell library was empty.

Dungeon Overview and Level Annotations

Branches:
Dungeon (1/15)

Altars:

Shops:
D:1 (


Innate Abilities, Weirdness & Mutations

((You are quick and stealthy near water. (Stealth+, EV+, Speed+++)))
Your lower body shifts to a powerful aquatic tail in water.


Message History

You closely miss the goblin.
The goblin is severely wounded.
You feel sick. The goblin closely misses you.
You barely miss the goblin.
The goblin is severely wounded.
You feel sick.
The goblin hits you with a +2 dagger of venom.
You are lethally poisoned!
There is a lethal amount of poison in your body!
You closely miss the goblin.
The goblin is severely wounded.
You feel very sick. The goblin closely misses you.
There is a lethal amount of poison in your body!
You are too injured to fight recklessly!
There is a lethal amount of poison in your body!
You are too injured to fight recklessly!
You are too injured to fight recklessly!
Unknown command.
You puncture the goblin!
You kill the goblin!
You feel sick.
You aren't carrying any potions.
* * * LOW HITPOINT WARNING * * *
You feel sick.
Things that are here:
a +2 dagger of venom; a goblin corpse
* * * LOW HITPOINT WARNING * * *
You feel sick.
There is a lethal amount of poison in your body!
There is a lethal amount of poison in your body!
There is a lethal amount of poison in your body!
There is a lethal amount of poison in your body!
* * * LOW HITPOINT WARNING * * *
You feel sick.
* * * LOW HITPOINT WARNING * * *
You feel sick.
* * * LOW HITPOINT WARNING * * *
You feel sick.
You die...

#.........# ### #.........#
..## #.........# ...##
#....)....# ....#
#.........# ....#
#.........# ....#
#.........# ....#
#####.##.###### ....#
##...#@#..# ...####
##........#######.. ......#
#........##........
⌠...⌠.##
#.......##..##..###
.###...# #.......#......##
.'<#...#.##.........#####
.###.....##.....#.###
⌠...⌠.##.#........#########
.g........................#


There were no monsters in sight!

Vanquished Creatures
  A gnoll (D:1)
  An endoplasm (D:1)
  A goblin (D:1)
  2 hobgoblins (D:1)
  A ball python (D:1)
  A frilled lizard (D:1)
  A kobold (D:1)
  A rat (D:1)
9 creatures vanquished.

Notes
Turn   | Place    | Note
-------+----------+-------------------------------------------
     0 | D:1      | Demosthentine the Merfolk Gladiator began the quest for the
                  | Orb.
     0 | D:1      | Reached XP level 1. HP: 16/16 MP: 1/1
   105 | D:1      | Found Ypos's Antique Weapon Boutique.
   188 | D:1      | Reached XP level 2. HP: 3/23 MP: 2/2
   581 | D:1      | HP: 1/23 [poisoned by a goblin]
   582 | D:1      | Succumbed to a goblin's poison

Illustrated notes

Levels and vault maps discovered:
D:1:      scummos_arrival_simple_fountains, layout_rooms, serial_shops,
          shop_statue, grunt_decor_fettered, serial_bayou_crossing

Action                   || total
-------------------------++-------
Melee: Trident           ||    32
Throw: Throwing net      ||     1
 Stab: Sleeping          ||     1
Armor: Leather armour    ||     2
Dodge: Dodged            ||    22
